AoeStats
← hightower_208

Hill Fort

506430839Analyzed
3v3 RM · 19d ago on Sep 13, 2026· 54m 28s· 6 players
Game mode
Random Map
Map size
Normal (6 player)
Population
200
Speed
Normal
Resources
Standard
Victory
Conquest
Starting age
Dark Age
Ending age
Imperial Age
RankedLock teamsTeams togetherTeam positionsShared explorationLock speedFull tech treeHidden civsTurbo modeCheats
Victory
Defeat
🇩🇪 Hindustanis · Germany
1689
+9
🇩🇪 Mongols · Germany
1629
+11
🇩🇪 Slavs · Germany
1480
+16
🇺🇸 Tatars · United States
1570
-14
🇳🇱 Hindustanis · Netherlands
1520
-12
🇧🇪 Jurchens · Belgium
1448
-10
Holy Heroin
8:20 Loom
10:07 Feudal Age
14:40 Castle Age
13:06 Double-Bit Axe
13:37 Horse Collar
13:50 Loom
15:58 Bow Saw
16:14 Heavy Plow
19:31 Town Watch
20:24 Wheelbarrow
19:51 Town Watch
23:18 Gold Mining
23:22 Stone Mining
24:48 Hand Cart
25:36 Fletching
31:12 Imperial Age
29:36 Scale Barding Armor
29:42 Forging
30:15 Bloodlines
30:08 Husbandry
30:55 Gold Shaft Mining
31:42 Chain Barding Armor
31:13 Heavy Camel Rider
32:59 Two-Man Saw
32:37 Stone Shaft Mining
33:02 Conscription
32:47 Grand Trunk Road
34:03 Plate Barding Armor
34:22 Iron Casting
33:20 Imperial Camel Rider
35:02 Coinage
36:04 Iron Casting
36:54 Chemistry
36:05 Masonry
39:15 Blast Furnace
38:41 Fortified Wall
39:18 Siege Elephant
41:02 Siege Engineers
40:53 Bodkin Arrow
45:00 Light Cavalry
47:03 Bracer
47:52 Caravan
48:34 Murder Holes
49:00 Ballistics
48:36 Hussar
Vitul
11:09 Feudal Age
15:12 Castle Age
13:17 Double-Bit Axe
13:37 Horse Collar
15:00 Loom
16:19 Bow Saw
18:08 Wheelbarrow
17:49 Bow Saw
18:16 Gold Mining
18:32 Heavy Plow
24:02 Gold Mining
25:29 Scale Barding Armor
26:18 Bloodlines
29:02 Chain Barding Armor
29:01 Husbandry
32:57 Imperial Age
31:00 Pikeman
32:15 Forging
32:07 Scale Mail Armor
32:16 Squires
33:55 Iron Casting
33:06 Halberdier
33:20 Elite Steppe Lancer
35:23 Chain Mail Armor
35:43 Plate Barding Armor
37:11 Blast Furnace
37:05 Arson
36:47 Light Cavalry
36:59 Capped Ram
37:52 Fletching
38:02 Padded Archer Armor
37:34 Hussar
38:30 Siege Ram
39:24 Hussar
41:43 Two-Man Saw
41:06 Conscription
40:56 Bodkin Arrow
42:21 Coinage
41:31 Elite Fire Lancer
43:01 Masonry
43:35 Gambesons
44:36 Fortified Bastions
45:24 Hoardings
44:52 Bracer
45:57 Crop Rotation
47:53 Hand Cart
47:24 Town Watch
54:21 Leather Archer Armor
54:16 Siege Engineers
54:42 Architecture
Its Jskillz
10:01 Feudal Age
12:10 Loom
12:18 Loom
15:39 Castle Age
14:08 Double-Bit Axe
14:46 Fletching
14:40 Horse Collar
15:15 Fletching
15:23 Gold Mining
15:53 Fletching
18:36 Bow Saw
20:03 Bodkin Arrow
22:19 Ballistics
22:52 Bloodlines
23:30 Wheelbarrow
24:08 Husbandry
24:35 Padded Archer Armor
28:50 Hand Cart
29:31 Leather Archer Armor
30:32 Town Watch
33:32 Gold Shaft Mining
36:34 Imperial Age
37:17 Bracer
36:39 Heavy Cavalry Archer
38:06 Ring Archer Armor
39:49 Chemistry
41:19 Forging
41:14 Scale Barding Armor
40:35 Light Cavalry
42:34 Conscription
42:50 Silk Armor
47:26 Chain Barding Armor
47:41 Iron Casting
47:37 Heavy Plow
48:31 Caravan
51:06 Plate Barding Armor
50:36 Hussar
hightower_208
10:57 Feudal Age
9:16 Loom
11:02 Feudal Age
16:48 Castle Age
14:56 Horse Collar
15:35 Double-Bit Axe
17:46 Wheelbarrow
20:23 Scale Barding Armor
20:54 Husbandry
22:05 Bloodlines
22:21 Town Watch
25:10 Chain Barding Armor
26:01 Forging
28:03 Hand Cart
35:59 Imperial Age
33:35 Light Cavalry
36:34 Iron Casting
36:54 Bow Saw
37:20 Plate Barding Armor
36:09 Heavy Camel Rider
38:16 Blast Furnace
37:38 Ballistics
37:10 Hussar
39:36 Imperial Camel Rider
41:13 Conscription
40:47 Fletching
47:35 Hoardings
48:00 Coinage
50:10 Banking
52:47 Bodkin Arrow
Raenne
11:10 Feudal Age
15:52 Castle Age
14:26 Double-Bit Axe
14:45 Horse Collar
17:52 Loom
19:37 Bow Saw
21:05 Wheelbarrow
23:08 Heavy Plow
24:39 Hand Cart
29:32 Imperial Age
30:24 Scale Mail Armor
30:35 Forging
32:01 Two-Man Saw
31:33 Crop Rotation
31:22 Chain Mail Armor
30:29 Pikeman
31:43 Squires
31:05 Halberdier
32:53 Iron Casting
32:38 Siege Engineers
32:25 Capped Ram
33:34 Siege Ram
34:52 Plate Mail Armor
36:41 Druzhina
37:37 Masonry
37:50 Conscription
38:38 Blast Furnace
40:54 Fletching
41:46 Hoardings
43:11 Coinage
42:41 Caravan
43:33 Bodkin Arrow
45:18 Banking
Mjoelnir
11:27 Feudal Age
10:54 Loom
15:06 Castle Age
13:49 Horse Collar
14:04 Double-Bit Axe
15:13 Fletching
18:36 Bodkin Arrow
25:04 Wheelbarrow
28:19 Ballistics
29:18 Padded Archer Armor
31:40 Stone Mining
31:41 Gold Mining
32:15 Leather Archer Armor
33:26 Hand Cart
36:18 Imperial Age
34:37 Stone Shaft Mining
35:14 Bloodlines
35:05 Husbandry
35:11 Thumb Ring
37:00 Bracer
38:25 Chemistry
37:53 Parthian Tactics
37:58 Elite Mangudai
43:08 Masonry
43:09 Fortified Wall
43:20 Shipwright
46:22 Caravan
48:55 Light Cavalry
49:41 Scale Barding Armor
52:07 Coinage
52:09 Chain Barding Armor
52:00 Forging
Connection lost

Rejoining the realm…

Still unreachable

The connection could not be restored.

Session expired

The server has moved on; the page needs a fresh start.